 Dungeon Crawl Stone Soup version 0.31-a0-1101-g9ad1905 (webtiles) character file.

Game seed: 5622491754594329388

1968783 Kearsarge the Cruiserweight Champion (level 23, 236/236 HPs)
             Began as an Armataur Artificer on Dec 1, 2023.
             Was an Initiate of Gozag.
             Escaped with the Orb
             ... and 3 runes!
             The game lasted 01:15:28 (46026 turns).

Kearsarge the Cruiserweight Champion (AtAr)        Turns: 46026, Time: 01:15:28

Health: 236/236    AC: 34    Str: 31    XL:     23   Next: 51%
Magic:  23/23      EV:  6    Int: 14    God:    Gozag
Gold:   3265       SH: 23    Dex: 14    Spells: 22/22 levels left

rFire   + +          +
                       - Unarmed
rCold   + + .        Z - +5 kite shield {reflect}
rNeg    + . .        A - +8 ring mail of Light {rF++ SInv}
rPois   +            (helmet restricted)
rElec   +            X - +4 dragonskin cloak
rCorr   .            k - +0 pair of gloves of Zoipeki {rElec}
SInv    +            a - +4 barding "Tiych" {rPois rN+ Regen+}
Will    +++..        W - amulet of Udgh {Reflect Will+ Str+7 Int+3 Dex-5 SH+5} Stlth
                     B - ring "Ighuidaly" {rF+ rC+++ Dex+5 SInv Stlth-}
HPRegen 1.39/turn    R - ring "Vupucare" {Fire rElec Will+}
MPRegen 0.18/turn

%: reflection, roll
@: no status effects
A: large, deformed body, tough skin 3, armoured tail, roll 2, long tongue,
hooves 1, horns 1, weak 1
0: Orb of Zot
}: 3/15 runes: serpentine, barnacled, silver
a: Renounce Religion, Potion Petition, Call Merchant, Bribe Branch


You escaped.
You worshipped Gozag.
Gozag was most pleased with you.
You visited 10 branches of the dungeon, and saw 48 of its levels.
You visited 1 bazaar.
You also visited: Sewer.

You collected 25522 gold pieces.
You spent 10442 gold pieces at shops.
You paid 11815 gold pieces to Gozag.

Inventory:

Missiles
 P - 3 throwing nets
Armour
 a - the +4 barding "Tiych" (worn) {rPois rN+ Regen+}
   (You acquired it on level 2 of the Elven Halls)

   rPois:     It protects you from poison rN+: It protects you from negative
   energy.
   Regen+:    It increases your rate of health regeneration.
 k - the +0 pair of gloves of Zoipeki (worn) {rElec}
   (You found it on level 4 of the Snake Pit)

   rElec:     It insulates you from electricity.
 w - the +8 plate armour "Ifyrhusy" {Will+}
   (You bought it in a shop on level 13 of the Dungeon)

   Will+:     It increases your willpower.
 A - the +8 ring mail of Light (worn) {rF++ SInv}
   (You found it on level 14 of the Dungeon)

   rF++:      It greatly protects you from fire.
   SInv:      It lets you see invisible.
 X - the +4 dragonskin cloak (worn)
   (You took it off Tiamat on level 2 of the Realm of Zot)

   Avatar's Aegis: It grants the wearer a chance to resist fire, cold, poison,
   electricity, acid, and negative energy.
 Z - a +5 kite shield of reflection (worn)
Jewellery
 g - a ring of positive energy
 u - a ring of flight
 B - the ring "Ighuidaly" (left hand) {rF+ rC+++ Dex+5 SInv Stlth-}
   (You acquired it on level 2 of the Elven Halls)

   [ring of protection from fire]

   Dex+5:     It affects your dexterity (+5).
   rF+:       It protects you from fire.
   rC+++:     It renders you almost immune to cold.
   SInv:      It lets you see invisible.
   Stlth-:    It makes you less stealthy.
 F - an amulet of regeneration
 R - the ring "Vupucare" (right hand) {Fire rElec Will+}
   (You bought it in a shop on level 1 of the Lair of Beasts)

   [ring of fire]

   Fire:      It enhances your fire magic.
   rF+:       It protects you from fire.
   rC-:       It makes you vulnerable to cold.
   rElec:     It insulates you from electricity.
   Will+:     It increases your willpower.
 S - a ring of see invisible
 W - the amulet of Udgh (around neck) {Reflect Will+ Str+7 Int+3 Dex-5 SH+5}
   (You took it off an ironbound preserver on level 5 of the Vaults)

   [amulet of reflection]

   Reflect:   It reflects blocked missile attacks.
   Str+7:     It affects your strength (+7).
   Int+3:     It affects your intelligence (+3).
   Dex-5:     It affects your dexterity (-5).
   Will+:     It increases your willpower.
   SH+5:      It affects your SH (+5).
Wands
 d - a wand of flame (4)
 l - a wand of roots (36)
 z - a wand of digging (11)
 Q - a wand of polymorph (23)
 U - a wand of quicksilver (21)
 Y - a wand of mindburst (12)
Scrolls
 h - 5 scrolls of fear
 o - 27 scrolls of teleportation
 s - 5 scrolls of poison
 t - 9 scrolls of noise
 v - 2 scrolls of blinking
 x - 6 scrolls of fog
 y - 2 scrolls of immolation
 G - 4 scrolls of vulnerability
 H - 7 scrolls of amnesia
 J - 4 scrolls of summoning
 K - 2 scrolls of torment
 N - 6 scrolls of silence
Potions
 b - 3 potions of heal wounds
 c - 2 potions of invisibility
 e - 4 potions of haste
 f - 8 potions of lignification
 i - 10 potions of curing
 j - a potion of cancellation
 m - 3 potions of might
 n - 5 potions of brilliance
 p - 4 potions of resistance
 q - 4 potions of attraction
 r - 2 potions of ambrosia
 C - a potion of mutation
 D - 4 potions of enlightenment
 E - 4 potions of magic
 I - 3 potions of berserk rage
Miscellaneous
 L - a phantom mirror
 O - a condenser vane
 T - a sack of spiders
 V - a lightning rod (4/4)


   Skills:
 + Level 26.0 Fighting
 - Level 14.0 Armour
 - Level 0.6 Dodging
 - Level 1.1 Stealth
 - Level 15.0 Shields
 O Level 27 Unarmed Combat
 - Level 3.0 Evocations


You had 22 spell levels left.
You didn't know any spells.
Your spell library contained the following spells:

 Spells                   Type           Power      Damage    Failure   Level
 Apportation              Tloc           0%         N/A       45%         1
 Kiss of Death            Conj/Necr      0%         2d5       45%         1
 Shock                    Conj/Air       0%         1d3       45%         1
 Slow                     Hex            0%         N/A       45%         1
 Sting                    Tmut/Pois      0%         1d3       45%         1
 Summon Small Mammal      Summ           0%         N/A       45%         1
 Ensorcelled Hibernation  Hex/Ice        0%         N/A       58%         2
 Jinxbite                 Hex            0%         N/A       58%         2
 Poisonous Vapours        Pois/Air       0%         N/A       58%         2
 Static Discharge         Conj/Air       0%         3-3/arc   58%         2
 Wereblood                Tmut           0%         N/A       58%         2
 Call Canine Familiar     Summ           0%         N/A       83%         3
 Confusing Touch          Hex            0%         N/A       83%         3
 Frozen Ramparts          Ice            0%         1d1       83%         3
 Inner Flame              Hex/Fire       0%         N/A       83%         3
 Mephitic Cloud           Conj/Pois/Air  0%         N/A       83%         3
 Sigil of Binding         Hex            0%         N/A       83%         3
 Stone Arrow              Conj/Erth      0%         3d7       83%         3
 Summon Guardian Golem    Hex/Summ       0%         N/A       83%         3
 Swiftness                Air            0%         N/A       83%         3
 Vampiric Draining        Necr           0%         2d6       83%         3
 Airstrike                Air            0%         2d(0-16)  99%         4
 Animate Armour           Summ/Erth      0%         N/A       99%         4
 Brom's Barrelling Bould  Conj/Erth      0%         2d3       99%         4
 Cause Fear               Hex            0%         N/A       99%         4
 Dimensional Bullseye     Hex/Tloc       0%         N/A       99%         4
 Dispel Undead            Necr           0%         3d6       99%         4
 Flame Wave               Conj/Fire      0%         2d4       99%         4
 Leda's Liquefaction      Hex/Erth       0%         N/A       99%         4
 Manifold Assault         Tloc           0%         N/A       99%         4
 Olgreb's Toxic Radiance  Pois           0%         N/A       99%         4
 Passage of Golubria      Tloc           0%         N/A       99%         4
 Petrify                  Tmut/Erth      0%         N/A       99%         4
 Sticky Flame             Conj/Fire      0%         2d3       99%         4
 Summon Ice Beast         Ice/Summ       0%         N/A       99%         4
 Summon Lightning Spire   Summ/Air       0%         N/A       99%         4
 Vhi's Electric Charge    Tloc/Air       0%         N/A       99%         4
 Alistair's Intoxication  Tmut/Pois      0%         N/A       100%        5
 Arcjolt                  Conj/Air       0%         1d10      100%        5
 Borgnjor's Vile Clutch   Necr/Erth      0%         N/A       100%        5
 Fireball                 Conj/Fire      0%         3d3       100%        5
 Freezing Cloud           Conj/Ice/Air   0%         6-21      100%        5
 Irradiate                Conj/Tmut      0%         3d11      100%        5
 Iskenderun's Battlesphe  Conj           0%         2d6       100%        5
 Metabolic Englaciation   Hex/Ice        0%         N/A       100%        5
 Silence                  Hex/Air        0%         N/A       100%        5
 Summon Mana Viper        Hex/Summ       0%         N/A       100%        5
 Conjure Ball Lightning   Conj/Air       0%         3x3d6     100%        6
 Dispersal                Tloc           0%         N/A       100%        6
 Starburst                Conj/Fire      0%         6d3       100%        6
 Orb of Destruction       Conj           0%         9d5       100%        7
 Spellforged Servitor     Conj/Summ      0%         N/A       100%        7
 Borgnjor's Revivificati  Necr           0%         N/A       100%        8
 Disjunction              Tloc           0%         N/A       100%        8
 Lehudib's Crystal Spear  Conj/Erth      0%         10d2      100%        8
 Maxwell's Capacitive Co  Air            0%         ∞         100%        8
 Chain Lightning          Conj/Air       0%         N/A       100%        9
 Dragon's Call            Summ           0%         N/A       100%        9


Dungeon Overview and Level Annotations

Branches:
Dungeon (15/15)            Temple (1/1) D:4            Lair (5/5) D:10
 Shoals (4/4) Lair:2        Snake (4/4) Lair:3        Slime (0/5) Lair:4
    Orc (2/2) D:9             Elf (3/3) Orc:2        Vaults (5/5) D:13
  Crypt (0/3) Vaults:3     Depths (4/4) D:15            Zot (5/5) Depths:4
  Sewer (visited)

Altars:
Ashenzari
Dithmenos
Elyvilon
Fedhas
Gozag
Hepliaklqana
Kikubaaqudgha
Makhleb
Nemelex Xobeh
Okawaru
Qazlal
Ru
Sif Muna
Trog
Uskayaw
Vehumet
Wu Jian
Xom
Yredelemnul
Zin
The Shining One

Shops:
D:6 *   D:7 ?   D:11 ([(:   D:13 [   Orc:1 =   Orc:2 *?:[   Elf:2 ?:   Lair:1 =
Lair:4 =   Snake:1 =   Vaults:5 ?!??!?   Depths:1 [   Depths:4 =:=

Portals:
Pandemonium: Depths:4
Ice
Cave: Shoals:4

Annotations:
Lair:1 3 runed translucent doors, Tinaub's ghost, journeyman KoBr
Elf:2 3 runed translucent doors


Innate Abilities, Weirdness & Mutations

Armour fits poorly on your strangely shaped body.
You have extremely tough skin. (AC +3)
You have a long armoured tail.
You roll and regenerate health when moving toward enemies. (Rampage Heal)
Your long tongue fully drains potion bottles. (2x potion effects)
You have large cloven feet.
You have a pair of small horns on your head.
You are weak. (Str -2)


Message History

You climb upwards.
There is a stone staircase leading down, spattered with blood here.
HP restored.
There is a stone staircase leading up here.
You climb upwards.
There is a stone staircase leading down here.
You see here a +0 plate armour.
A reaper comes into view. It is wielding a +1 scythe of flaming.
There is a stone staircase leading up here.
You climb upwards.
There is a stone staircase leading down here.
What level of the Dungeon? (default 1, ? - help)
There is a stone staircase leading up here.
You climb upwards.
There is a stone staircase leading down here.
There is a stone staircase leading up here.
You climb upwards.
There is a stone staircase leading down here.
Blink to where?
Press: ? - help, Q - select action, (/) - cycle Dir - move target
As you read the scroll of blinking, it crumbles to dust.
Blink to where?
Press: ? - help, Q - select action, (/) - cycle Dir - move target
As you read the scroll of blinking, it crumbles to dust.
Blink to where?
Press: ? - help, Q - select action, (/) - cycle Dir - move target
As you read the scroll of blinking, it crumbles to dust.
You open the door.
Blink to where?
Press: ? - help, Q - select action, (/) - cycle Dir - move target
As you read the scroll of blinking, it crumbles to dust.
Blink to where?
Press: ? - help, Q - select action, (/) - cycle Dir - move target
Okay, then.
Okay, then.
Unknown command.
Blink to where?
Press: ? - help, Q - select action, (/) - cycle Dir - move target
As you read the scroll of blinking, it crumbles to dust.
You have escaped!

##### ######.@.######
###...§.........###
####.................###
##..'.................'.#
##..##.................#.#
###
#..#####.............###.##
#.. ###.## ###.........###
#..# #.# ...§# ###.....###
##.###.# ....#
###.........### #...#.#


There were no monsters in sight!

Vanquished Creatures
  Tiamat (Zot:2)
  Sojobo (Vaults:2)
  A Killer Klown (Zot:5)
  Xtahua (Vaults:2)
  Vashnia (Snake:3)
  A pandemonium lord (D:7)
  A profane servitor (D:15)
  7 golden dragons
  An electric golem (Zot:5)
  5 tentacled monstrosities
  4 deep elf blademasters (Elf:3)
  2 liches
  6 quicksilver dragons
  Zenata (Vaults:2)
  Asterion (Snake:4)
  22 Orb Guardians
  3 deep elf master archers (Elf:3)
  6 titans (Vaults:5)
  A sphinx (Depths:2)
  3 death cobs
  12 storm dragons
  Kirke (Lair:4)
  14 shadow dragons
  6 tengu reavers
  A kraken (Shoals:4)
  2 draconian monks
  Donald (Snake:4)
  7 nagarajas (Snake:4)
  Aizul (Snake:3)
  3 draconian knights
  3 frost giants
  8 deep elf sorcerers
  3 fire giants
  15 vault wardens
  4 deep elf elementalists (Elf:3)
  A draconian scorcher (Zot:3)
  A balrug (D:7)
  2 ghost moths
  6 iron dragons
  A draconian shifter (Zot:5)
  3 draconian stormcallers
  2 spriggan defenders (Depths:3)
  Louise (D:15)
  2 orc warlords
  A reaper (D:11)
  17 ironbound preservers
  7 stone giants
  2 formless jellyfish
  3 war gargoyles
  5 very ugly things
  6 green draconians
  4 deep elf demonologists
  8 ironbound thunderhulks
  A vampire knight (Depths:4)
  6 dire elephants (Vaults:1)
  7 deep elf annihilators
  Nessos (D:15)
  4 yellow draconians
  3 white draconians
  A black draconian (Depths:4)
  2 purple draconians
  A red draconian (Zot:4)
  The ghost of Coo1 the Nimble, a journeyman MeSh of Ashenzari (D:12)
  6 spark wasps
  5 ettins
  A blizzard demon (D:13)
  4 merfolk javelineers
  A green death (Depths:4)
  8 fire dragons
  Josephine (D:12)
  3 merfolk impalers (Shoals:4)
  6 deep elf death magi
  12 yaktaur captains
  An entropy weaver (Vaults:4)
  6 deep elf high priests
  Fannar (D:11)
  Harold (Lair:1)
  2 rakshasas
  7 ice dragons
  5 great orbs of eyes
  8 hydras
  16 vault guards
  2 catoblepae (Lair:5)
  3 salamander tyrants
  A spriggan air mage (Depths:1)
  4 merfolk avatars (Shoals:4)
  7 ironbound frosthearts
  2 peacekeepers (Vaults:3)
  3 ogre magi (Orc:1)
  3 anacondas
  Erica (D:8)
  5 boulder beetles
  16 dancing weapons
  18 centaur warriors
  15 naga warriors
  An alligator snapping turtle (Shoals:4)
  2 merfolk aquamancers (Shoals:4)
  A satyr (Shoals:4)
  4 two-headed ogres
  13 naga sharpshooters
  A vampire mage (Depths:3)
  A demonic crawler (D:10)
  9 spriggan berserkers (Depths:4)
  10 deep troll shamans
  9 death yaks
  3 tengu warriors (D:14)
  4 orc high priests (Orc:2)
  12 shock serpents
  4 deep troll earth magi
  A soul eater (Depths:4)
  3 sun demons (D:7)
  5 deep elf knights
  Sonja (Lair:3)
  2 skeletal warriors (D:15)
  3 skysharks
  Lodul (D:11)
  A fire crab (Lair:4)
  7 salamander mystics
  2 shadow demons
  6 iron trolls
  16 sea snakes
  42 deep trolls
  2 swamp dragons (Zot:2)
  A flayed ghost (D:15)
  A naga ritualist (Snake:4)
  18 ironbound convokers
  2 deep elf archers
  3 glowing orange brains
  6 arcanists
  5 mana vipers
  18 deep elf zephyrmancers
  3 necromancers
  4 lindwurms
  5 phantasmal warriors
  21 deep elf pyromancers
  10 harpies
  31 ugly things
  9 orc sorcerers
  11 orc knights
  10 manticores
  3 fauns (Shoals:4)
  7 cyclopes
  3 merfolk sirens
  22 elephants
  6 moths of wrath
  19 salamanders
  18 slime creatures
  A guardian serpent (shapeshifter) (D:15)
  25 naga magi
  6 kobold blastminers
  3 guardian serpents
  17 vault sentinels
  27 black mambas
  2 gargoyles
  A torpor snail (shapeshifter) (Depths:4)
  4 water nymphs
  A torpor snail (Lair:5)
  3 rime drakes
  10 cane toads
  A hellion (Zot:5)
  4 freezing wraiths
  36 yaktaurs
  An unseen horror (D:12)
  15 komodo dragons
  3 tengu conjurers
  A kobold demonologist (D:11)
  A red devil (D:15)
  A troll (shapeshifter) (D:15)
  7 trolls
  A queen bee (shapeshifter) (D:13)
  16 merfolk
  4 wind drakes
  11 hornets
  A meliai (shapeshifter) (Elf:2)
  A polar bear (Lair:5)
  35 blink frogs
  5 snapping turtles
  2 spriggan zombies (D:15)
  12 dream sheep
  A glass eye (Depths:4)
  2 air elementals
  A culicivora (Vaults:4)
  7 water elementals
  6 wyverns
  5 wraiths (D:12)
  3 shadows
  A spriggan skeleton (D:15)
  51 yaks
  7 basilisks
  5 spriggans
  A hog (shapeshifter) (D:15)
  Grum (D:8)
  2 redbacks (Vaults:4)
  2 steam dragons
  4 fire elementals
  4 hogs (Lair:4)
  9 vampire mosquitoes
  Menkaure (D:7)
  4 wargs
  6 acid dragons
  46 nagas
  51 orc warriors
  17 water moccasins
  An ice beast (D:6)
  6 black bears
  22 wolves
  5 boggarts (Vaults:1)
  21 ogres
  12 centaurs
  6 kobold brigands
  A phantom (D:6)
  17 bullfrogs
  A gnoll sergeant (D:10)
  6 scorpions
  16 wights
  44 killer bees
  3 howler monkeys
  2 electric eels (Snake:3)
  2 lava snakes (D:13)
  35 orc priests
  3 hounds
  2 sleepcaps (D:6)
  6 iguanas
  15 orc wizards
  13 hell rats
  Robin (D:2)
  11 adders
  6 gnolls
  4 river rats (Sewer)
  A shadow imp (D:5)
  A white imp (D:5)
  2 ufetubi (D:7)
  3 worms
  2 dart slugs (D:1)
  111 orcs
  9 endoplasms
  3 giant cockroaches
  20 goblins
  11 hobgoblins
  A jackal (Sewer)
  31 kobolds
  6 quokkas
  11 ball pythons
  4 bats
  8 frilled lizards
  A rat (shapeshifter) (Vaults:5)
  11 rats
  3 fire vortices
1820 creatures vanquished.

Vanquished Creatures (collateral kills)
  Jorgrun (D:15)
  An Orb Guardian (Zot:5)
  3 sphinxes (Vaults:5)
  A shadow dragon (Vaults:5)
  A tengu reaver (Vaults:5)
  A war gargoyle (Vaults:5)
  A stone giant (Vaults:5)
  A white draconian (Zot:5)
  5 vault guards (Vaults:5)
  A slime creature (D:15)
  2 vampire mosquitoes (D:15)
  An orc warrior (Vaults:5)
19 creatures vanquished.

Vanquished Creatures (others)
  A dread lich (Vaults:5)
  A Killer Klown (Zot:5)
  Frederick (Vaults:5)
  Jory (Vaults:5)
  2 tentacled monstrosities
  An Orb Guardian (Zot:5)
  4 titans (Vaults:5)
  A death cob (Zot:5)
  A storm dragon (Zot:5)
  A vault warden (Vaults:5)
  A very ugly thing (Vaults:5)
  An ironbound preserver (Vaults:5)
  3 stone giants (Vaults:5)
  A yellow draconian (Zot:5)
  2 deep elf death magi (Vaults:5)
  A deep elf high priest (Vaults:5)
  12 vault guards (Vaults:5)
  2 yaktaur captains (Vaults:5)
  An ogre mage (Vaults:5)
  2 phantasmal warriors (Vaults:5)
  A deep elf pyromancer (Elf:2)
  A harpy (Shoals:4)
  A salamander (Snake:4)
  A moth of wrath (Zot:5)
  A freezing wraith (Vaults:5)
  An ice devil (D:7)
  A red devil (D:7)
  A merfolk (shapeshifter) (Vaults:5)
  A boggart (shapeshifter) (Vaults:5)
  An orc (D:3)
  2 tentacles (Shoals:4)
52 creatures vanquished.

Grand Total: 1891 creatures vanquished

Notes
Turn   | Place    | Note
-------+----------+-------------------------------------------
     0 | D:1      | Kearsarge the Armataur Artificer began the quest for the
                  | Orb.
     0 | D:1      | Reached XP level 1. HP: 15/15 MP: 1/1
    70 | D:1      | Reached skill level 1 in Unarmed Combat
   180 | D:1      | Reached XP level 2. HP: 22/22 MP: 2/2
   194 | D:1      | Reached skill level 2 in Unarmed Combat
   362 | D:1      | Reached XP level 3. HP: 27/27 MP: 3/3
   991 | D:2      | Reached skill level 3 in Unarmed Combat
  1234 | D:2      | Noticed Robin
  1236 | D:2      | Reached XP level 4. HP: 34/34 MP: 4/4
  1265 | D:2      | Killed Robin
  1495 | D:2      | Reached skill level 4 in Unarmed Combat
  1710 | D:3      | Reached XP level 5. HP: 39/39 MP: 5/5
  2229 | D:4      | Reached skill level 5 in Unarmed Combat
  2300 | D:4      | Reached XP level 6. HP: 24/46 MP: 6/6
  2506 | D:4      | Found a staircase to the Ecumenical Temple.
  2518 | Temple   | Entered the Ecumenical Temple
  2529 | Temple   | Became a worshipper of Gozag Ym Sagoz the Greedy
  2934 | D:4      | Reached skill level 6 in Unarmed Combat
  3033 | D:4      | Identified a scroll of acquirement
  3036 | D:4      | Acquired a +2 barding of stealth
  3079 | D:5      | Entered Level 5 of the Dungeon
  3188 | D:5      | Gained mutation: You roll and regenerate health when moving
                  | toward enemies. (Rampage Heal) [Armataur growth]
  3188 | D:5      | Reached XP level 7. HP: 48/51 MP: 7/7
  3213 | D:5      | Found an ornate altar of the Wu Jian Council.
  3304 | D:5      | Reached skill level 7 in Unarmed Combat
  4041 | D:6      | Acquired 1035 gold pieces
  4052 | D:6      | Reached skill level 8 in Unarmed Combat
  4125 | D:6      | Bought a scroll labelled VAEVOMM DIRRYHU for 17 gold pieces
  4125 | D:6      | Bought a transparent scale mail for 153 gold pieces
  4125 | D:6      | Identified the +4 scale mail of the Poles {rPois Int-5
                  | Dex+3} (You bought it in a shop on level 6 of the Dungeon)
  4127 | D:6      | Bought a dazzling ring mail for 153 gold pieces
  4127 | D:6      | Identified the +3 ring mail of Decompression {-Tele rN+++
                  | Dex+2 SInv} (You bought it in a shop on level 6 of the
                  | Dungeon)
  4129 | D:6      | Bought a brightly glowing leather armour for 119 gold
                  | pieces
  4129 | D:6      | Identified the +1 leather armour of Going Fast {rCorr} (You
                  | bought it in a shop on level 6 of the Dungeon)
  4144 | D:6      | Bought an emerald potion for 15 gold pieces
  4226 | D:6      | Reached XP level 8. HP: 54/58 MP: 8/8
  4366 | D:6      | Reached skill level 9 in Unarmed Combat
  4366 | D:6      | Found a glowing drain.
  4395 | D:6      | Identified the +1 leather armour of Wygilac {Rampage rN+++
                  | rCorr Int-4}
  4403 | Sewer    | Entered a sewer
  4566 | Sewer    | Acquired a manual of Unarmed Combat
  4942 | D:6      | Found a shimmering altar of Xom.
  4955 | D:6      | Reached skill level 10 in Unarmed Combat
  5147 | D:6      | Reached skill level 11 in Unarmed Combat
  5403 | D:6      | Found an iron altar of Okawaru.
  5883 | D:7      | Noticed Menkaure
  5883 | D:7      | Found a bloodstained altar of Trog.
  5883 | D:7      | Found a burning altar of Makhleb.
  5884 | D:7      | Noticed a troll
  5888 | D:7      | Killed Menkaure
  5889 | D:7      | Reached skill level 12 in Unarmed Combat
  5889 | D:7      | Reached XP level 9. HP: 61/63 MP: 9/9
  5921 | D:7      | Identified the +2 buckler of Qazlal's Delight {Rampage Fly
                  | rF- Dex+2}
  6017 | D:7      | Killed a troll
  6042 | D:7      | Reached skill level 13 in Unarmed Combat
  6181 | D:7      | Bought 2 scrolls of fear for 104 gold pieces
  6181 | D:7      | Bought a scroll of poison for 52 gold pieces
  6181 | D:7      | Bought a scroll of identify for 26 gold pieces
  6181 | D:7      | Bought a scroll of identify for 26 gold pieces
  6181 | D:7      | Bought a scroll of identify for 26 gold pieces
  6798 | D:7      | Reached skill level 14 in Unarmed Combat
  6890 | D:7      | Found a basalt altar of Yredelemnul.
  7139 | D:8      | Noticed a cyclops
  7150 | D:8      | Killed a cyclops
  7172 | D:8      | Reached skill level 1 in Fighting
  7180 | D:8      | Found a blossoming altar of Fedhas.
  7180 | D:8      | Noticed Grum
  7194 | D:8      | Killed Grum
  7207 | D:8      | Reached XP level 10. HP: 66/77 MP: 10/10
  7277 | D:8      | Reached skill level 15 in Unarmed Combat
  7455 | D:8      | Noticed Erica
  7462 | D:8      | Killed Erica
  7463 | D:8      | Reached skill level 5 in Fighting
  7930 | D:7      | Bought a scroll of acquirement for 676 gold pieces
  7930 | D:7      | Acquired the amulet "Goprasai" {Reflect rPois SH+5}
  7994 | D:9      | Noticed a two-headed ogre
  8019 | D:9      | Killed a two-headed ogre
  8287 | D:9      | Found a staircase to the Orcish Mines.
  8344 | D:9      | Reached XP level 11. HP: 80/95 MP: 11/11
  8477 | D:9      | Noticed a two-headed ogre
  8488 | D:9      | Killed a two-headed ogre
  8566 | D:9      | Found an ancient bone altar of Kikubaaqudgha.
  8627 | D:10     | Entered Level 10 of the Dungeon
  8738 | D:10     | Found a staircase to the Lair.
  8906 | D:10     | Noticed a green ugly thing
  8918 | D:10     | Killed a green ugly thing
  9211 | D:11     | Found Railef's Antique Weapon Shoppe.
  9247 | D:11     | Reached skill level 10 in Fighting
  9252 | D:11     | Reached skill level 16 in Unarmed Combat
  9501 | D:11     | Noticed Fannar
  9518 | D:11     | Killed Fannar
  9680 | D:11     | Noticed Lodul
  9716 | D:11     | Killed Lodul
  9881 | D:11     | Found Bubewecw's Book Emporium.
 10009 | D:11     | Found Upso Ega's Armour Shop.
 10017 | D:11     | Found Nifirghy's Weapon Shoppe.
 10026 | D:11     | Reached XP level 12. HP: 77/108 MP: 12/12
 10226 | Orc:1    | Entered Level 1 of the Orcish Mines
 10458 | Orc:1    | Bought the ring of the Mashing Queen {rC+ Str+4} for 525
                  | gold pieces
 10739 | Orc:1    | Noticed an ogre mage
 10742 | Orc:1    | Paralysed by an ogre mage for 5 turns
 10743 | Orc:1    | Noticed an ogre mage
 10994 | Orc:1    | Noticed an ogre mage
 11015 | Orc:1    | Killed an ogre mage
 11127 | Orc:1    | Paralysed by an ogre mage for 4 turns
 11133 | Orc:1    | Killed an ogre mage
 11166 | Orc:1    | Killed an ogre mage
 11167 | Orc:1    | Reached skill level 17 in Unarmed Combat
 11310 | Orc:2    | Entered Level 2 of the Orcish Mines
 11943 | Orc:2    | Found Baempao's General Store.
 11947 | Orc:2    | Paralysed by an orc sorcerer for 3 turns
 12755 | Orc:2    | Bought a scroll of identify for 24 gold pieces
 12755 | Orc:2    | Bought a scroll of fear for 48 gold pieces
 13372 | Orc:2    | Reached XP level 13. HP: 112/119 MP: 13/13
 13669 | Orc:2    | Found a staircase to the Elven Halls.
 13874 | Orc:2    | Noticed an orc warlord
 13936 | Orc:2    | Killed an orc warlord
 13960 | Orc:2    | Reached skill level 18 in Unarmed Combat
 14207 | Orc:2    | Found Sanifah's Armour Emporium.
 14237 | Orc:2    | Bought a +3 scale mail of fire resistance for 364 gold
                  | pieces
 14512 | Orc:2    | Found Hiug's Book Boutique.
 14528 | Orc:2    | Gained mutation: You sometimes lose your temper in combat.
                  | [a neqoxec]
 14798 | Orc:2    | Found Nesu's Magic Scroll Shoppe.
 14804 | Orc:2    | Bought a scroll of poison for 60 gold pieces
 14804 | Orc:2    | Bought a scroll of identify for 30 gold pieces
 14804 | Orc:2    | Bought a scroll of identify for 30 gold pieces
 14804 | Orc:2    | Bought a scroll of summoning for 142 gold pieces
 14804 | Orc:2    | Bought a scroll of teleportation for 45 gold pieces
 14804 | Orc:2    | Bought a scroll of revelation for 112 gold pieces
 14991 | Lair:1   | Entered Level 1 of the Lair of Beasts
 14991 | Lair:1   | Noticed Harold
 15062 | Lair:1   | Killed Harold
 15081 | Lair:1   | Found a runed translucent gate.
 15081 | Lair:1   | Found a runed translucent gate.
 15081 | Lair:1   | Found a runed translucent gate.
 15083 | Lair:1   | Noticed a minotaur
 15083 | Lair:1   | Noticed Tinaub's ghost (journeyman KoBr)
 15743 | Lair:1   | Bought the ring "Vupucare" {Fire rElec Will+} for 624 gold
                  | pieces
 16361 | Lair:2   | Found a staircase to the Shoals.
 16710 | Lair:2   | Reached XP level 14. HP: 132/132 MP: 14/14
 16784 | Lair:2   | Reached skill level 5 in Armour
 17257 | Lair:3   | Noticed Sonja
 17261 | Lair:3   | Killed Sonja
 17332 | Lair:3   | Identified the +7 quarterstaff of Magnificence {spect,
                  | rElec rC+ Int+6}
 17874 | Lair:3   | Found a staircase to the Snake Pit.
 18141 | Lair:4   | Reached skill level 10 in Armour
 19219 | Lair:4   | Noticed Kirke
 19242 | Lair:4   | Killed Kirke
 19583 | Lair:4   | Reached XP level 15. HP: 139/139 MP: 15/15
 19958 | Lair:4   | Found a staircase to the Slime Pits.
 19960 | Lair:4   | Bought the ring of Ascent {rC+ rN+} for 510 gold pieces
 20193 | Lair:5   | Entered Level 5 of the Lair of Beasts
 20226 | Lair:5   | Reached skill level 19 in Unarmed Combat
 20547 | Lair:5   | Reached skill level 15 in Fighting
 21127 | Lair:5   | Got the Catalogue of Maledictive Weather
 21801 | D:12     | Noticed Josephine
 21815 | D:12     | Killed Josephine
 22030 | D:12     | Found a large runed translucent door.
 22031 | D:12     | Found a large runed translucent door.
 22047 | D:12     | Noticed Coo1's ghost (journeyman MeSh)
 22071 | D:12     | Killed Coo1's ghost
 22283 | D:13     | Found a gate to the Vaults.
 22680 | D:13     | Bought a smoking chain mail for 342 gold pieces
 22680 | D:13     | Identified the +2 chain mail of the Mackerel {rC+ Regen+}
                  | (You bought it in a shop on level 13 of the Dungeon)
 23156 | D:14     | Identified the +8 ring mail of Light {rF++ SInv}
 23262 | D:14     | Reached skill level 20 in Unarmed Combat
 23491 | D:14     | Reached XP level 16. HP: 137/152 MP: 16/16
 23722 | D:15     | Entered Level 15 of the Dungeon
 23773 | D:15     | Reached skill level 1 in Shields
 23807 | D:15     | Noticed Nessos
 23811 | D:15     | Killed Nessos
 23825 | D:15     | Found a staircase to the Depths.
 24059 | D:15     | Noticed Jorgrun
 24084 | D:15     | Killed Jorgrun
 24434 | D:15     | Reached skill level 5 in Shields
 24549 | D:15     | Noticed Louise
 24565 | D:15     | Killed Louise
 24867 | Snake:1  | Entered Level 1 of the Snake Pit
 25054 | Snake:1  | Lost mutation: You sometimes lose your temper in combat.
                  | [potion of mutation]
 25054 | Snake:1  | Gained mutation: Your spells are a little easier to cast,
                  | but a little less powerful. [potion of mutation]
 25054 | Snake:1  | Gained mutation: You have hidden genetic defects. [potion
                  | of mutation]
 25054 | Snake:1  | Gained mutation: You expend magic power (3 MP) to
                  | strengthen your wands. [potion of mutation]
 25577 | D:13     | Bought an encrusted plate armour for 1008 gold pieces
 25577 | D:13     | Identified the +8 plate armour "Ifyrhusy" {Will+} (You
                  | bought it in a shop on level 13 of the Dungeon)
 25825 | Snake:1  | Found Kuuseint's Jewellery Shoppe.
 26481 | Snake:2  | Gained mutation: You occasionally lose the ability to drink
                  | potions when taking damage. [hidden defects]
 27256 | Snake:3  | Reached skill level 10 in Shields
 27270 | Snake:3  | Identified the serpent talisman of Esaw {Will++}
 27270 | Snake:3  | Noticed Aizul
 27283 | Snake:3  | Killed Aizul
 27393 | Snake:3  | Gained mutation: You do not regenerate when monsters are
                  | visible. [hidden defects]
 27393 | Snake:3  | Lost mutation: You have hidden genetic defects. [hidden
                  | defects expressed]
 27664 | Snake:3  | Lost mutation: You occasionally lose the ability to drink
                  | potions when taking damage. [potion of mutation]
 27664 | Snake:3  | Lost mutation: Your spells are a little easier to cast, but
                  | a little less powerful. [potion of mutation]
 27664 | Snake:3  | Lost mutation: You expend magic power (3 MP) to strengthen
                  | your wands. [potion of mutation]
 27664 | Snake:3  | Lost mutation: You do not regenerate when monsters are
                  | visible. [potion of mutation]
 27664 | Snake:3  | Gained mutation: You have large cloven feet. [potion of
                  | mutation]
 27664 | Snake:3  | Gained mutation: You are weak. (Str -2) [potion of
                  | mutation]
 27664 | Snake:3  | Gained mutation: You have a pair of small horns on your
                  | head. [potion of mutation]
 27667 | Snake:3  | Noticed Vashnia
 27736 | Snake:3  | Reached XP level 17. HP: 110/166 MP: 17/17
 27759 | Snake:3  | Killed Vashnia
 28263 | Snake:4  | Entered Level 4 of the Snake Pit
 28591 | Snake:4  | Noticed Asterion
 28602 | Snake:4  | Killed Asterion
 28647 | Snake:4  | Noticed Donald
 28660 | Snake:4  | Killed Donald
 29363 | Snake:4  | Identified the +0 pair of gloves of Zoipeki {rElec}
 29423 | Snake:4  | Got a serpentine rune of Zot
 30032 | Elf:1    | Entered Level 1 of the Elven Halls
 30051 | Elf:1    | Found a radiant altar of Vehumet.
 30155 | Elf:1    | Reached skill level 15 in Shields
 30189 | Elf:1    | Got Zoist's Incunabulum of the Missiles
 30229 | Elf:1    | Identified the +0 chain mail "Zogom" {Fly}
 30474 | Elf:1    | Reached XP level 18. HP: 178/178 MP: 18/18
 30508 | Elf:1    | Identified the +11 war axe "Ymeutt" {freeze, rC+ rN+ Str+4}
 30999 | Elf:2    | Found Coysuqupp's Book Shop.
 31145 | Elf:2    | Found a runed translucent gate.
 31146 | Elf:2    | Found a runed translucent gate.
 31146 | Elf:2    | Found a runed translucent gate.
 31189 | Elf:2    | Found Ragun's Magic Scroll Shoppe.
 31192 | Elf:2    | Bought 3 scrolls of revelation for 472 gold pieces
 31192 | Elf:2    | Bought a scroll of teleportation for 63 gold pieces
 31192 | Elf:2    | Bought a scroll of teleportation for 63 gold pieces
 31192 | Elf:2    | Bought a scroll of summoning for 199 gold pieces
 31192 | Elf:2    | Bought a scroll of acquirement for 1092 gold pieces
 31192 | Elf:2    | Bought a scroll of acquirement for 1092 gold pieces
 31196 | Elf:2    | Acquired the +4 barding "Tiych" {rPois rN+ Regen+}
 31212 | Elf:2    | Acquired the ring "Ighuidaly" {rF+ rC+++ Dex+5 SInv Stlth-}
 31295 | Elf:2    | Identified the +1 buckler of Xuynunaza {rElec Will+ Dex+3}
 31418 | Elf:3    | Entered Level 3 of the Elven Halls
 31514 | Elf:3    | Paralysed by an air elemental for 1 turns
 31597 | Elf:3    | Identified the +0 ring mail "Femes" {rF+ rCorr}
 32295 | Elf:3    | Identified the +6 trident of the Shrinking Goat {drain,
                  | Dex+2}
 32386 | Elf:3    | Reached skill level 21 in Unarmed Combat
 32505 | Elf:3    | Found the +2 pair of slick slippers {slick, slippery, EV+4}
 32523 | Elf:3    | Got the Guide on the Radiant Winter
 32559 | Elf:3    | Got the Lessons on the Morgue
 32593 | Elf:3    | Got the Enchiridion on the Familiar
 32901 | Lair:4   | Bought an amulet of regeneration for 450 gold pieces
 32985 | Shoals:1 | Entered Level 1 of the Shoals
 33032 | Shoals:1 | Identified the +1 robe "Meenkua" {rElec rF+ rCorr}
 33341 | Shoals:3 | Reached XP level 19. HP: 172/189 MP: 19/19
 33536 | Shoals:4 | Entered Level 4 of the Shoals
 33941 | Shoals:4 | Got a barnacled rune of Zot
 33970 | Shoals:4 | Found a frozen archway.
 34515 | Vaults:1 | Entered Level 1 of the Vaults
 34561 | Vaults:1 | Reached skill level 22 in Unarmed Combat
 35823 | Vaults:2 | Noticed Zenata
 35846 | Vaults:2 | Killed Zenata
 35857 | Vaults:2 | Noticed Xtahua
 35885 | Vaults:2 | Paralysed by Xtahua for 3 turns
 35922 | Vaults:2 | Paralysed by Xtahua for 4 turns
 35931 | Vaults:2 | Killed Xtahua
 36236 | Vaults:2 | Reached XP level 20. HP: 190/199 MP: 20/20
 36402 | Vaults:2 | Reached skill level 23 in Unarmed Combat
 36547 | Vaults:2 | Noticed Sojobo
 36557 | Vaults:2 | Killed Sojobo
 37234 | Vaults:3 | Identified the +2 chain mail of Vermicelli {Str+3 SInv}
 37507 | Vaults:3 | Found a staircase to the Crypt.
 38598 | Vaults:3 | Reached skill level 24 in Unarmed Combat
 38856 | Vaults:4 | Found a flickering gateway to a bazaar.
 38904 | Bazaar   | Entered a bazaar
 38918 | Bazaar   | Found Ryrirr's Jewellery Shoppe.
 38934 | Bazaar   | Found Kuxaubas's Antique Armour Shoppe.
 38934 | Bazaar   | Found Boocw's Antique Armour Emporium.
 38939 | Bazaar   | Bought a glowing scarf for 192 gold pieces
 38958 | Bazaar   | Found Xops's Magic Scroll Shoppe.
 39878 | Vaults:5 | Entered Level 5 of the Vaults
 39878 | Vaults:5 | Noticed Frederick
 39923 | Vaults:5 | Reached XP level 21. HP: 202/210 MP: 21/21
 40176 | Vaults:5 | Identified the +2 shortbow "Raoshriu" {antimagic, rElec
                  | rC+}
 40179 | Vaults:5 | Identified the +0 rapier of Hilukhlatz {heavy, Str+5}
 40182 | Vaults:5 | Identified the +1 quarterstaff of Efitwy {pain, *Corrode
                  | rElec Str+8 SInv}
 40193 | Vaults:5 | Killed Frederick
 40234 | Vaults:5 | Identified the +5 sling "Kijul" {antimagic, rElec rC- Will-
                  | rCorr}
 40301 | Vaults:5 | Found Baul's Magic Scroll Shop.
 40316 | Vaults:5 | Found Utzexaph's Magic Scroll Shoppe.
 40416 | Vaults:5 | Found Jereil's Distillery.
 40425 | Vaults:5 | Bought a potion of haste for 200 gold pieces
 40425 | Vaults:5 | Bought a potion of heal wounds for 100 gold pieces
 40425 | Vaults:5 | Bought a potion of might for 80 gold pieces
 40425 | Vaults:5 | Bought a potion of haste for 200 gold pieces
 40439 | Vaults:5 | Bought a scroll of fog for 76 gold pieces
 40451 | Vaults:5 | Bought a scroll of summoning for 123 gold pieces
 40463 | Vaults:5 | Found Zall's Magic Scroll Shop.
 40463 | Vaults:5 | Found Ycurgh's Distillery.
 40468 | Vaults:5 | Bought a scroll of fear for 56 gold pieces
 40468 | Vaults:5 | Bought a scroll of blinking for 105 gold pieces
 40475 | Vaults:5 | Bought a potion of invisibility for 152 gold pieces
 40475 | Vaults:5 | Bought a potion of cancellation for 152 gold pieces
 40475 | Vaults:5 | Bought a potion of curing for 57 gold pieces
 40475 | Vaults:5 | Bought a potion of invisibility for 152 gold pieces
 40535 | Vaults:5 | Noticed Jory
 40549 | Vaults:5 | Noticed a dread lich
 40556 | Vaults:5 | Killed Jory
 40686 | Vaults:5 | Reached skill level 25 in Unarmed Combat
 40784 | Vaults:5 | Identified the amulet of Udgh {Reflect Will+ Str+7 Int+3
                  | Dex-5 SH+5}
 40804 | Vaults:5 | Identified the +9 great sword "Killer Klown's Doom" {spect,
                  | rN+}
 41059 | Vaults:5 | Identified the +2 robe of Caacwoma {rF- rN+ Str+3 Int+4}
 41129 | Vaults:5 | Identified the +9 rapier of the Other Side {heavy, rN+
                  | rCorr Str+2}
 41170 | Vaults:5 | Identified the +3 rapier of Ambiguity {flame, rF+ Dex+2}
 41270 | Vaults:5 | Got a silver rune of Zot
 41271 | Vaults:5 | Identified the +2 short sword "Osmoseext" {speed, rPois
                  | Will- Dex+4}
 41334 | Vaults:5 | Found Laitecokk's Magic Scroll Boutique.
 41339 | Vaults:5 | Bought a scroll of enchant armour for 135 gold pieces
 41642 | Depths:1 | Entered Level 1 of the Depths
 41859 | Depths:1 | Found Utzexaph's Antique Armour Shop.
 42248 | Depths:3 | Reached XP level 22. HP: 221/221 MP: 22/22
 42466 | Depths:3 | Reached skill level 26 in Unarmed Combat
 42491 | Depths:4 | Entered Level 4 of the Depths
 42520 | Depths:4 | Found Wyexuos's Jewellery Shoppe.
 42520 | Depths:4 | Found Jiuff's Book Shop.
 42521 | Depths:4 | Found Baitid's Jewellery Shoppe.
 42555 | Depths:4 | Found a one-way gate leading to the halls of Pandemonium.
 43119 | Depths:4 | Found a sacrificial altar of Ru.
 43227 | Depths:4 | Identified the +4 flail "Ymounearph" {venom, rElec Str+2}
 43238 | Depths:4 | Noticed a golden dragon
 43245 | Depths:4 | Killed a golden dragon
 43427 | Depths:4 | Found a gate to the Realm of Zot.
 43436 | Zot:1    | Entered Level 1 of the Realm of Zot
 43696 | Zot:2    | Noticed a golden dragon
 43697 | Zot:2    | Noticed a golden dragon
 43713 | Zot:2    | Killed a golden dragon
 43731 | Zot:2    | Killed a golden dragon
 43954 | Zot:2    | Noticed a golden dragon
 43957 | Zot:2    | Noticed a golden dragon
 43957 | Zot:2    | Found the +4 dragonskin cloak
 43957 | Zot:2    | Identified the ring "Suewn" {Wiz Str+3 Dex+3}
 43957 | Zot:2    | Noticed Tiamat
 43978 | Zot:2    | Killed a golden dragon
 44015 | Zot:2    | Killed Tiamat
 44020 | Zot:2    | Killed a golden dragon
 44021 | Zot:2    | Reached skill level 27 in Unarmed Combat
 44097 | Zot:2    | Noticed a golden dragon
 44100 | Zot:2    | Found the +2 cloak of the Thief {*Fog Slay-2 SInv Stlth+}
 44100 | Zot:2    | Found the ring of Shadows {Umbra +Inv Stlth+}
 44103 | Zot:2    | Killed a golden dragon
 44403 | Zot:2    | Noticed a golden dragon
 44413 | Zot:2    | Killed a golden dragon
 44604 | Zot:3    | Reached XP level 23. HP: 145/232 MP: 23/23
 44782 | Zot:5    | Entered Level 5 of the Realm of Zot
 45084 | Zot:5    | Noticed an orb of fire
 45085 | Zot:5    | Noticed an orb of fire
 45091 | Zot:5    | Noticed an orb of fire
 45098 | Zot:5    | Noticed an orb of fire
 45099 | Zot:5    | Noticed an orb of fire
 45099 | Zot:5    | Noticed a Killer Klown
 45104 | Zot:5    | Killed a Killer Klown
 45287 | Zot:5    | Got the Orb of Zot
 45289 | Zot:5    | Noticed a Killer Klown
 45289 | Zot:5    | Noticed an orb of fire
 45337 | Zot:5    | Killed a Killer Klown
 45467 | Zot:1    | Noticed Bemaeps the pandemonium lord
 45894 | D:7      | Noticed Uruodug the pandemonium lord
 45902 | D:7      | Killed Uruodug the pandemonium lord
 46026 | D:$      | Escaped with the Orb!

Illustrated notes

Levels and vault maps discovered:
D:1:      nzn_arrival_depleted_hourglass, layout_basic, minmay_small_reverse_x
D:2:      cheibrodos_old_hovel, layout_basic, minmay_misc_feat_x,
          solitary_fountain, uniq_robin
D:3:      layout_loops_ring
D:4:      layout_loops_ring, general_overflow_altar, minmay_temple_entry_ruins,
          minmay_diced_spiral
D:5:      black_bear_nest_1, layout_cave_pods, nicolae_wu_jian_wuxing_cycle
D:6:      layout_layer_cave, lemuel_crystal_altar, okawaru_altar_gauntlet_db,
          portal_sewer_entry_f
D:7:      layout_basic, mainiacjoe_overflow_alcove_4,
          grunt_temple_overflow_open, minmay_tree_intersection, uniq_menkaure
D:8:      layout_basic, fedhas_altar_3, uniq_grum, uniq_erica
D:9:      layout_basic, mainiacjoe_overflow_alcove_1, david_orc_5,
          minmay_misc_feat_pillars
D:10:     layout_rooms, lair_entry_dummy, kennysheep_dice
D:11:     layout_basic, serial_shops, nicolae_shop_trees,
          nicolae_book_shop_shelving, shop, nicolae_shop_hallway_stairs,
          minmay_misc_feat_five, uniq_lodul, uniq_fannar
D:12:     layout_roguey, ebering_ghost_disaster_area,
          serial_library_hellmonk_double_dead_end, uniq_josephine
D:13:     layout_big_octagon, erik_vaults_1
D:14:     layout_rooms, corexii_leaking_fountain
D:15:     gammafunk_depths_entry_grave, layout_gridville, uniq_nessos,
          uniq_louise, uniq_jorgrun
Temple:   nicolae_temple_ecumenical_triangle
Lair:1:   layout_cave_pods, maelrawn_ghost_gauntlet_escape, grunt_megastairs_5,
          lemuel_fruit_tree, uniq_harold
Lair:2:   wad_woods_minihive, layout_layer_cave, elwin_shoals_entry_rocks
Lair:3:   layout_roguey, guppyfry_snake_entry_island, grunt_forest_stairs_basic,
          st_stairs_12, hibernation_bobbens, uniq_sonja
Lair:4:   nzn_winding_woodlands_large [nzn_winding_woodlands_5x5_default,
          nzn_winding_woodlands_5x15_parted,
          nzn_winding_woodlands_5x5_closed_star,
          nzn_winding_woodlands_center_pierced_h,
          nzn_winding_woodlands_15x15_killbox,
          nzn_winding_woodlands_center_lodge,
          nzn_winding_woodlands_5x5_open_star, nzn_winding_woodlands_5x15_eye,
          nzn_winding_woodlands_5x5_checkerboard], layout_regular_city,
          dpeg_slime_entry_corner, infiniplex_staircase_pool_2, uniq_kirke
Lair:5:   grunt_lair_end_beastmaster, layout_loops_ring
Shoals:1: layout_shoals, uniq_nikola
Shoals:2: layout_shoals, nicolae_shop_vocational
Shoals:3: layout_shoals, lightli_airlock, uniq_polyphemus
Shoals:4: shoals_end_hangedman, layout_shoals, portal_ice_cave_entry_ugly_swarm
Snake:1:  layout_onion, serial_shops, shop
Snake:2:  layout_cave_pods, grunt_megastairs_1
Snake:3:  layout_chambers, serial_bayou, serial_bayou_shore_b,
          serial_bayou_lagoon_a, serial_bayou_shore_a, serial_bayou_ford_a,
          hangedman_snake_pattern, uniq_aizul, uniq_vashnia
Snake:4:  snake_pit, layout_rooms, st_stairs_2, uniq_donald, uniq_asterion
Orc:1:    hellmonk_paralyzer, layout_caves, serial_shops, abandoned_shop
Orc:2:    pubby_orc_utopia
Elf:1:    eino_elf_arrival_altar, layout_geoelf_octagon, minmay_elf_annihilation
Elf:2:    nicolae_elf_blades_crystal_corner, layout_geoelf_grid, serial_shops,
          nicolae_shop_rolled_up, nicolae_shop_stone, minivault_26
Elf:3:    minmay_elf_hall_furrowed, layout_loops_cross, minmay_librarian
Vaults:1: hangedman_vaults_slice, nicolae_vaults_little_squares_5,
          vaults_dpeg_encased_lava, nicolae_vaults_off_center_swirl,
          nicolae_vaults_ellipses_ellipsis, nicolae_vaults_cornered_office,
          nicolae_vaults_twisting_passages, serial_library_hellmonk_semicircle,
          vaults_room_fancy_cross, nicolae_vaults_closet_pinwheel_1,
          vaults_room_grunt_arrival_checkpoint, layout_vaults_omnibox
Vaults:2: vaults_room_boxed, vaults_dpeg_ring, st_diamondy,
          hangedman_vaults_unwind, v_misc_29, v_misc_16, v_misc_31,
          nicolae_vaults_weapon_check, nicolae_vaults_sesquioval_fish,
          nicolae_vaults_tetromino_Z_1, nicolae_vaults_tetromino_L_1,
          nicolae_vaults_apartment_1, layout_vaults_ring, uniq_xtahua,
          uniq_sojobo, uniq_zenata
Vaults:3: nicolae_vaults_storage_closets_2, ontoclasm_vaults_spin,
          nicolae_vaults_stepped_doors, v_alt_pattern_5, v_misc_1,
          nicolae_vaults_big_ls, layout_vaults_quadrants
Vaults:4: nicolae_vaults_six-pack, vaults_standard_mumra_x,
          nicolae_vaults_house_2, nicolae_vaults_prndl,
          nicolae_vaults_offset_grid_hallway_3, grunt_vaults_twisty,
          nicolae_vaults_trapezoid_layered, nicolae_vaults_tetromino_L_1,
          nicolae_vaults_diamond_2, nicolae_vaults_rhombus_6,
          nicolae_vaults_storage_room_statues, ontoclasm_vaults_claustrophobia,
          nicolae_vaults_little_squares_6, layout_vaults_big_room, serial_glass,
          serial_shops, bzr_entry_dummy
Vaults:5: uniq_frederick, uniq_jory
Depths:1: layout_gridlike, serial_aquarium, aquarium_bridge_square
          [aquarium_subvault_window, aquarium_subvault_bridge,
          aquarium_subvault_bridge, aquarium_subvault_window],
          aquarium_bridge_square [aquarium_subvault_bridge,
          aquarium_subvault_wall, aquarium_subvault_bridge,
          aquarium_subvault_window], aquarium_window_3, aquarium_window_2,
          aquarium_window_fake, aquarium_window_2, aquarium_view_2c,
          aquarium_view_2d, aquarium_balcony_3a, aquarium_pool_2, serial_shops,
          shop, nicolae_shop_tiny_real_fake_doors, shop, nicolae_shop_crystal,
          shop, lightli_too_deep, grunt_ministairs_2,
          nicolae_concentric_dashed_squares_mild,
          hangedman_abyss_or_decor_stagger, st_stairs_9
Depths:2: bobbens_index_wilting_gardens, layout_gridlike, enter_ziggurat_f,
          nicolae_tricolors, rand_demon_pan_entry_7, hangedman_coc_ice_floe,
          uniq_mara
Depths:3: grunt_runaround [grunt_runaround_doors_1, grunt_runaround_doors_2,
          grunt_runaround_doors_3, grunt_runaround_doors_4,
          grunt_runaround_loot], abyss_entry, hell_entry
Depths:4: grunt_zot_entry_hairpin, layout_gridlike, rand_demon_pan_entry_5,
          abyss_entry, grunt_hell_entry_dis_grunt,
          chequers_serial_rivers_room_a, hangedman_ru_absence, minmay_shop_grove
Zot:1:    circus_mu, layout_misc_corridors, hangedman_zot_decor_unnerving_road
Zot:2:    regret_index_malice_mire, layout_misc_corridors, st_stairs_1,
          grunt_ministairs_1, st_grand_hoard_of_tiamat
Zot:3:    gammafunk_the_bubble [the_bubble_gammafunk_crates], layout_gridlike,
          regret_index_zotdec_stipple_waver
Zot:4:    layout_basic, uniq_vv
Zot:5:    layout_basic

Skill      XL: |  1  2  3  4  5  6  7  8  9 10 11 12 13 14 15 16 17 18 19 20 21 22 23 |
---------------+----------------------------------------------------------------------+-----
Unarmed Combat | 1 2 3 4 5 6 8 12 14 15 16 17 18 20 21 22 24 25 27 | 27.0
Fighting       | 3 8 10 12 14 16 18 19 21 22 23 24 26 | 26.0
Armour         | 4 14 | 14.0
Shields        | 10 15 | 15.0
Dodging        | |  0.6
Stealth        | |  1.1
Evocations     | |  3.0

Action                     |  1- 3 |  4- 6 |  7- 9 | 10-12 | 13-15 | 16-18 | 19-21 | 22-24 || total
---------------------------+-------+-------+-------+-------+-------+-------+-------+-------++-------
  Melee: Unarmed           |   137 |   165 |   379 |   643 |  1246 |  1448 |  1685 |   800 ||  6503
         Tailslap          |    13 |    23 |    48 |    97 |   211 |   259 |   422 |   165 ||  1238
         Punch             |     2 |     2 |    13 |    50 |   149 |       |       |       ||   216
         Kick              |       |       |       |       |       |   358 |   829 |   370 ||  1557
         Headbutt          |       |       |       |       |       |   235 |   568 |   240 ||  1043
  Throw: Dart              |       |       |       |     4 |       |       |       |       ||     4
         Throwing net      |       |       |       |     3 |       |       |       |       ||     3
 Invoke: Call Merchant     |       |       |     2 |     1 |     3 |       |       |       ||     6
         Bribe Branch      |       |       |       |       |       |       |     1 |     1 ||     2
         Potion Petition   |       |       |       |       |       |       |       |     1 ||     1
  Evoke: Wand              |    10 |     3 |     3 |     8 |     2 |     5 |       |     5 ||    36
         Condenser vane    |       |       |       |       |     4 |     2 |     1 |     1 ||     8
         Sack of spiders   |       |       |       |       |     1 |     1 |       |     1 ||     3
         Lightning rod     |       |       |       |       |       |     7 |     1 |       ||     8
         Phantom mirror    |       |       |       |       |       |       |       |     1 ||     1
    Use: Scroll            |       |     3 |     6 |    10 |    11 |    13 |     8 |    12 ||    63
         Potion            |       |       |       |     5 |     1 |    14 |       |     7 ||    27
   Stab: Sleeping          |     2 |     2 |       |     1 |     3 |       |       |       ||     8
         Distracted        |       |       |     1 |     6 |    17 |     8 |    11 |     8 ||    51
         Held in net/web   |       |       |       |     4 |     2 |       |       |       ||     6
         Petrified         |       |       |       |       |     4 |       |       |       ||     4
         Petrifying        |       |       |       |       |     1 |       |       |       ||     1
 Armour: Leather armour    |    95 |   102 |    59 |       |       |       |       |       ||   256
         Scale mail        |       |       |   262 |   434 |   878 |       |       |       ||  1574
         Skin              |       |       |       |     5 |    15 |       |       |       ||    20
         Chain mail        |       |       |       |       |   119 |   354 |       |       ||   473
         Ring mail         |       |       |       |       |       |   480 |  1032 |   516 ||  2028
  Dodge: Dodged            |    52 |    58 |    72 |   102 |   210 |   120 |   186 |    64 ||   864
  Block: Other             |       |       |       |    81 |   152 |       |       |       ||   233
         Reflection        |       |       |       |     5 |     5 |   134 |    64 |     7 ||   215
         Kite shield       |       |       |       |       |     6 |  1018 |   968 |   642 ||  2634

Table legend: (Time is in decaauts)
 A = Elapsed time spent in this place.
 B = Non-inter-level travel time spent in this place.
 C = Inter-level travel time spent in this place.
 D = Time resting spent in this place.
 E = Time spent auto-exploring this place.
 F = Levels seen in this place.
 G = Mean time per level.
                   A        B        C        D        E       F      G
               +--------+--------+--------+--------+--------+-----+--------+
         Total |  44260 |  39655 |   4605 |   2792 |  27320 |  50 |  885.2 |
       Dungeon |  13823 |  12377 |   1446 |    498 |   9502 |  15 |  921.5 |
        Temple |     20 |      2 |     18 |      0 |      0 |   1 |   20.0 |
          Lair |   6797 |   6052 |    745 |    345 |   4634 |   5 | 1359.4 |
        Shoals |   1268 |    801 |    467 |      0 |    338 |   4 |  317.0 |
     Snake Pit |   4477 |   4222 |    255 |     40 |   2914 |   4 | 1119.2 |
  Orcish Mines |   4696 |   4309 |    387 |   1228 |   2190 |   2 | 2348.0 |
   Elven Halls |   2562 |   2337 |    225 |    184 |   1544 |   3 |  854.0 |
        Vaults |   6515 |   6060 |    455 |     19 |   4451 |   5 | 1303.0 |
        Depths |   1662 |   1458 |    204 |      0 |   1004 |   4 |  415.5 |
           Zot |   1859 |   1460 |    399 |    476 |    363 |   5 |  371.8 |
        Bazaar |     76 |     76 |      0 |      0 |     61 |   1 |   76.0 |
         Sewer |    500 |    500 |      0 |      0 |    318 |   1 |  500.0 |
               +--------+--------+--------+--------+--------+-----+--------+

Top non-repeatable levels by time:
   Orc:2: 2976 daAuts
  Lair:4: 2126 daAuts
Vaults:3: 1735 daAuts
   Orc:1: 1720 daAuts
 Snake:3: 1526 daAuts
Vaults:5: 1403 daAuts
     D:6: 1393 daAuts
 Snake:4: 1392 daAuts
Vaults:1: 1259 daAuts
  Lair:1: 1233 daAuts
  Lair:2: 1216 daAuts
    D:15: 1190 daAuts
   Elf:3: 1171 daAuts
  Lair:5: 1125 daAuts
     D:7: 1118 daAuts
